 Dungeon Crawl Stone Soup version 0.17-a0-186-g8d083fd (webtiles) character file.

467 HAL9000 the Ruffian (level 6, 0/53 HPs)
             Began as a Draconian Transmuter on Mar 26, 2015.
             Slain by Pr0man's ghost (9 damage)
             ... on level 4 of the Dungeon.
             The game lasted 00:10:07 (3463 turns).

HAL9000 the Ruffian (Draconian Transmuter)          Turns: 3463, Time: 00:10:08

Health: 0/53       AC:  7    Str: 12    XL:     6   Next: 81%
Magic:  2/11       EV: 17    Int: 16    God:
Gold:   112        SH:  0    Dex: 16    Spells: 3 memorised, 4 levels left

rFire  . . .     SeeInvis .       - Unarmed
rCold  . . .     Clarity  .     (armour unavailable)
rNeg   . . .     SustAb   .     (no shield)
rPois  .         Gourm    .     (helmet restricted)
rElec  .         Spirit   .     y - +0 cloak
rCorr  .         Warding  .     (no gloves)
rMut   +         Stasis   .     (no boots)
MR     .....                    f - amulet of resist mutation
Stlth  ++........               (no ring)
                                (no ring)

@: agile, very slightly contaminated, not resistant to hostile enchantments,
unstealthy
A: unfitting armour, cold-blooded, AC +6
a: no special abilities


You were on level 4 of the Dungeon.
You were near starving.

You visited 1 branch of the dungeon, and saw 4 of its levels.

You collected 112 gold pieces.

Inventory:

Missiles
 b - 3 arrows
Armour
 y - a +0 cloak (worn)
Jewellery
 f - an amulet of resist mutation (around neck)
 v - an uncursed amulet of stasis
Magical devices
 o - a wand of random effects (22)
Scrolls
 h - 2 scrolls of enchant armour
Potions
 g - a potion of cancellation {unknown}
 k - a potion of flight {unknown}
 l - 2 potions of curing
 m - a potion of degeneration {unknown}
 q - a potion of haste {unknown}
 t - a potion of restore abilities {unknown}
 w - 2 potions of brilliance {unknown}
 A - a potion of cure mutation {unknown}
Books
 d - a book of Changes

   Spells                             Type                      Level
   a - Beastly Appendage              Transmutation                1
   b - Sticks to Snakes               Transmutation                2
   c - Spider Form                    Transmutation/Poison         3
   d - Ice Form                       Ice/Transmutation            4
   e - Blade Hands                    Transmutation                5
Comestibles
 a - 3 bread rations
 i - 2 beef jerkies
 p - a meat ration
 r - a slice of pizza


   Skills:
 + Level 4.4 Fighting
 - Level 1.7 Dodging
 + Level 4.9 Unarmed Combat
 + Level 2.5 Spellcasting
 + Level 4.3 Transmutations


You had 4 spell levels left.
You knew the following spells:

 Your Spells              Type           Power        Failure   Level  Hunger
a - Beastly Appendage     Trmt           ###...       4%          1    #......
b - Sticks to Snakes      Trmt           ###.......   8%          2    ##.....
c - Spider Form           Trmt/Pois      #.........   28%         3    ###....


Dungeon Overview and Level Annotations

Branches:
Dungeon (4/15)
 Temple: D:4-7

Altars:
Sif Muna
Xom

Annotations:
D:4 Pr0man's ghost, average FoFi


Innate Abilities, Weirdness & Mutations

Your plain brown scales are hard (AC +6).
Your body does not fit into most forms of armour.
You are cold-blooded and may be slowed by cold attacks.


Message History

Drink which item? (? for menu, Esc to quit)
You feel agile all of a sudden. Pr0man's ghost hits you.
Casting: Spider Form
Confirm with . or Enter, or press ? or * to list all spells.
You miscast Spider Form.
You are very lightly contaminated with residual magic.
You feel a strange surge of energy! Pr0man's ghost hits you!
Unknown command.
You hit Pr0man's ghost but do no damage.
Pr0man's ghost is moderately damaged.
You hit Pr0man's ghost but do no damage.
Pr0man's ghost is moderately damaged.
Pr0man's ghost hits you!
* * * LOW HITPOINT WARNING * * *
The giant newt closely misses you.
You hit the giant newt.
You kill the giant newt!
Pr0man's ghost hits you!
You die...

....... ...... .....
...# ..# #)# .
##)######## ...
##.........##......
##..#.....W@........
##..##########......(
##..## ..### ###..##
## ##...## ..<###
.....## ......##
.......##


You could see Pr0man's ghost.

Vanquished Creatures
  An ogre (D:4)
  Sigmund (D:4)
  2 crimson imps (D:3)
  A gnoll shaman (D:3)
  A worker ant (D:4)
  Ijyb (D:2)
  5 gnolls (D:3)
  An adder (D:3)
  A giant mite (D:1)
  A worm (D:3)
  2 giant geckos
  13 orcs
  A ball python (D:3)
  5 bats
  4 hobgoblins
  11 jackals
  7 kobolds
  2 quokkas (D:3)
  3 giant cockroaches
  4 giant newts
  6 goblins
  14 rats
87 creatures vanquished.

Vanquished Creatures (collateral kills)
  Crazy Yiuf (D:3)
1 creature vanquished.

Grand Total: 88 creatures vanquished

Notes
Turn   | Place    | Note
--------------------------------------------------------------
     0 | D:1      | HAL9000, the Draconian Transmuter, began the quest for the Orb.
     0 | D:1      | Reached XP level 1. HP: 16/16 MP: 3/3
   105 | D:1      | Reached XP level 2. HP: 24/24 MP: 2/4
   946 | D:2      | Noticed Ijyb
   962 | D:2      | Reached XP level 3. HP: 30/30 MP: 4/6
   966 | D:2      | Learned a level 2 spell: Sticks to Snakes
   971 | D:2      | Learned a level 3 spell: Spider Form
  1016 | D:2      | Killed Ijyb
  1481 | D:2      | Found a deep blue altar of Sif Muna.
  1657 | D:3      | Reached XP level 4. HP: 33/37 MP: 5/7
  2277 | D:3      | Reached skill level 4 in Unarmed Combat
  2277 | D:3      | Reached XP level 5. HP: 31/45 MP: 1/9
  2608 | D:3      | Noticed Crazy Yiuf
  2631 | D:3      | Killed Crazy Yiuf
  2686 | D:3      | Found a shimmering altar of Xom.
  2918 | D:3      | Reached XP level 6. HP: 49/52 MP: 10/10
  3136 | D:3      | Noticed a gnoll sergeant
  3422 | D:4      | Noticed Sigmund
  3425 | D:4      | Noticed Pr0man's ghost (average FoFi)
  3432 | D:4      | Killed Sigmund
  3463 | D:4      | Slain by Pr0man's ghost

Action                   |  1- 3 |  4- 6 || total
-------------------------+-------+-------++-------
Melee: Unarmed           |   136 |   193 ||   329
 Cast: Beastly Appendage |    14 |     8 ||    22
       Sticks to Snakes  |     2 |     7 ||     9
       Spider Form       |     1 |     6 ||     7
 Abil: End Transformatio |     1 |     2 ||     3
  Use: Scroll            |       |     6 ||     6
       Potion            |       |     1 ||     1
 Stab: Sleeping          |     1 |       ||     1
  Eat: Chunk             |     3 |     6 ||     9
